AoeStats
← kolemy

Arabia

503217459Analyzed
2v2 RM · 1mo ago on Aug 30, 2026· 52m 28s· 4 players
Game mode
Random Map
Map size
Medium (4 player)
Population
200
Speed
Normal
Resources
Standard
Victory
Conquest
Starting age
Dark Age
Ending age
Imperial Age
RankedLock teamsTeams togetherTeam positionsShared explorationLock speedFull tech treeHidden civsTurbo modeCheats
Victory
Defeat
🇬🇷 Bohemians · Greece
658
+12
🇵🇪 Poles · Peru
625
+13
🇬🇹 Vietnamese · Guatemala
571
-13
🇩🇪 Byzantines · Germany
561
-12
zataras10
0:27 Loom
16:31 Feudal Age
22:52 Castle Age
26:17 Double-Bit Axe
30:05 Wheelbarrow
29:44 Pikeman
30:25 Squires
30:11 Arson
30:39 Elite Skirmisher
32:56 Chemistry
32:18 Ballistics
32:43 Forging
32:24 Fletching
32:35 Padded Archer Armor
32:35 Scale Mail Armor
33:24 Bow Saw
33:32 Hand Cart
34:13 Iron Casting
34:49 Bodkin Arrow
35:10 Leather Archer Armor
34:42 Horse Collar
42:44 Imperial Age
43:39 Chain Mail Armor
43:25 Halberdier
44:23 Heavy Plow
44:10 Town Watch
44:29 Elite Hussite Wagon
hikary1404
1:32 Loom
13:23 Feudal Age
14:54 Double-Bit Axe
14:52 Horse Collar
20:17 Forging
23:49 Castle Age
22:24 Scale Mail Armor
22:50 Man-at-Arms
23:32 Stone Mining
23:35 Gold Mining
24:19 Long Swordsman
26:03 Bow Saw
26:24 Heavy Plow
27:42 Wheelbarrow
27:51 Town Watch
27:44 Pikeman
28:28 Treadmill Crane
29:24 Murder Holes
30:31 Masonry
31:11 Fortified Wall
31:21 Ballistics
36:21 Imperial Age
34:42 Bloodlines
34:22 Light Cavalry
35:14 Scale Barding Armor
37:21 Caravan
37:59 Iron Casting
38:30 Chemistry
37:47 Hand Cart
37:35 Town Patrol
38:13 Winged Hussar
39:02 Husbandry
40:16 Szlachta Privileges
41:46 Chain Mail Armor
42:57 Hoardings
44:17 Chain Barding Armor
51:49 Lechitic Legacy
52:04 Elite Obuch
kolemy
0:40 Loom
16:01 Feudal Age
17:28 Horse Collar
17:34 Double-Bit Axe
18:15 Gold Mining
23:18 Wheelbarrow
22:29 Town Watch
28:01 Castle Age
26:48 Man-at-Arms
29:23 Fletching
29:33 Crossbowman
31:11 Bow Saw
32:54 Caravan
33:19 Hand Cart
33:06 Town Patrol
33:54 Stone Mining
33:46 Pikeman
34:26 Squires
33:47 Long Swordsman
34:35 Thumb Ring
33:54 Light Cavalry
34:44 Bloodlines
39:17 Imperial Age
39:04 Treadmill Crane
39:45 Ballistics
39:20 Murder Holes
39:36 Fortified Wall
39:42 Chatras
40:50 Halberdier
40:54 Arbalester
41:38 Husbandry
43:31 Chemistry
43:48 Elite Battle Elephant
49:02 Bodkin Arrow
49:37 Elite Skirmisher
Nano
0:32 Loom
14:36 Feudal Age
15:53 Wheelbarrow
15:07 Double-Bit Axe
15:27 Horse Collar
16:38 Gold Mining
17:33 Stone Mining
22:07 Forging
21:48 Fletching
22:00 Scale Mail Armor
24:26 Castle Age
24:29 Scale Barding Armor
24:27 Padded Archer Armor
25:50 Hand Cart
25:53 Bow Saw
26:24 Gold Shaft Mining
26:25 Stone Shaft Mining
27:00 Iron Casting
28:35 Greek Fire
28:54 Bodkin Arrow
30:45 Chain Mail Armor
30:53 Chain Barding Armor
30:40 Heavy Plow
31:45 Chain Mail Armor
32:55 Arson
33:12 Squires
32:59 Gambesons
34:22 Pikeman
34:23 Man-at-Arms
35:14 Caravan
42:13 Coinage
41:52 Long Swordsman
43:57 Ballistics
43:33 Murder Holes
43:19 Treadmill Crane
43:50 Fortified Wall
46:45 Imperial Age
49:22 Hoardings
49:08 Conscription
48:09 Elite Cataphract
49:00 Logistica
49:30 Plate Barding Armor
49:17 Arrowslits
49:24 Guard Tower
51:05 Plate Mail Armor
50:52 Leather Archer Armor
52:20 Banking
Connection lost

Rejoining the realm…

Still unreachable

The connection could not be restored.

Session expired

The server has moved on; the page needs a fresh start.